 Dungeon Crawl Stone Soup version 0.24.0-35-gdb84b6a5db (webtiles) character file.

Game seed: 1114368525255284065, levelgen mode: deterministic

128 Delamore the Chopper (level 5, -1/40 HPs)
             Began as a Hill Orc Fighter on Nov 19, 2019.
             Was a Follower of Hepliaklqana.
             Killed by nerve-wracking pain
             ... invoked by Grinder
              (4 damage)
             ... while paralysed by Grinder
             ... on level 3 of the Dungeon.
             The game lasted 00:02:13 (1800 turns).

Delamore the Chopper (Hill Orc Fighter)             Turns: 1800, Time: 00:02:13

Health: -1/40      AC:  8    Str: 20    XL:     5   Next: 11%
Magic:  5/5        EV:  2    Int:  8    God:    Hepliaklqana [*.....]
Gold:   141        SH:  0    Dex: 10    Spells: 4/4 levels left

rFire    . . .     SeeInvis .   a - +0 war axe
rCold    . . .     Gourm    .   c - +0 shield
rNeg     . . .     Faith    .   b - +0 scale mail
rPois    .         Spirit   .   j - +0 helmet
rElec    .         Reflect  .   (no cloak)
rCorr    .         Harm     .   (no gloves)
MR       .....                  (no boots)
Stlth    ..........             (no amulet)
HPRegen  0.13/turn              g - ring of flight
MPRegen  0.09/turn              (no ring)

@: paralysed
A: reduced essence
a: Recall Ancestor, Ancestor Identity, Renounce Religion, Evoke Flight


You were on level 3 of the Dungeon.
You worshipped Hepliaklqana.
Hepliaklqana was aware of your devotion.
You were not hungry.

You visited 1 branch of the dungeon, and saw 3 of its levels.

You collected 141 gold pieces.

Inventory:

Hand Weapons
 a - a +0 war axe (weapon)
Missiles
 e - 18 poisoned darts (quivered)
Armour
 b - a +0 scale mail (worn)
 c - a +0 shield (worn)
 j - a +0 helmet (worn)
Jewellery
 g - a ring of flight (left hand)
Scrolls
 l - 2 scrolls of remove curse {unknown}
 o - 2 scrolls of fear {unknown}
 r - a scroll of fog {unknown}
Potions
 d - 2 potions of might
 h - a potion of mutation {unknown}
 i - a potion of brilliance {unknown}
 k - a potion of ambrosia {unknown}
 m - 2 potions of curing {unknown}
 n - a potion of invisibility {unknown}
 p - a potion of haste {unknown}
 s - a potion of berserk rage {unknown}
Comestibles
 f - 5 rations


   Skills:
 - Level 3.6 Fighting
 + Level 6.8 Axes
 - Level 3.2 Armour
 - Level 3.2 Shields


You had 4 spell levels left.
You didn't know any spells.
Your spell library was empty.

Dungeon Overview and Level Annotations

Branches:
Dungeon (3/15)

Altars:
Hepliaklqana
Xom

Annotations:
D:3 Grinder


Message History

You are too injured to fight recklessly!
Chitauli hits Grinder.
You block Grinder's attack.
You hit Grinder but do no damage.
Grinder is moderately wounded.
Chitauli barely misses Grinder.
Grinder hits you!
* * * LOW HITPOINT WARNING * * *
You closely miss Grinder.
Grinder is moderately wounded.
Chitauli closely misses Grinder.
Grinder gestures at you.
You suddenly lose the ability to move!
Chitauli hits Grinder but does no damage.
Grinder hits you.
* * * LOW HITPOINT WARNING * * *
You writhe in agony.
* * * LOW HITPOINT WARNING * * *
Chitauli hits Grinder.
Grinder gestures at you. Pain shoots through your body!
You die...

#......#
#.#####.#.#.#.#
#....#.# #.#
...#.#...#
#........
#.##.#..#.#####
#........ #.##
####.# #†# ..#
# #.# #####
#.##.####.....
#.....!..[#
#......@..#
#.....R5..#
.............#
.###....(....#
#.#..######
#.#!.# #.#..#
#..#


You could see the friendly Chitauli the ancestor and Grinder.

Vanquished Creatures
  4 adders (D:2)
  2 oozes
  A worm (D:3)
  3 leopard geckos
  4 bats
  2 giant cockroaches (D:3)
  4 goblins
  7 hobgoblins
  4 jackals (D:2)
  3 frilled lizards
  8 kobolds
  10 rats
52 creatures vanquished.

Vanquished Creatures (collateral kills)
  Terence (D:3)
  A goblin (D:3)
  A kobold (D:3)
3 creatures vanquished.

Grand Total: 55 creatures vanquished

Notes
Turn   | Place    | Note
-------+----------+-------------------------------------------
     0 | D:1      | Delamore the Hill Orc Fighter began the quest for the Orb.
     0 | D:1      | Reached XP level 1. HP: 19/19 MP: 1/1
    40 | D:1      | Reached skill level 3 in Axes
   121 | D:1      | Reached XP level 2. HP: 24/26 MP: 2/2
   227 | D:1      | Reached skill level 4 in Axes
   794 | D:2      | Reached XP level 3. HP: 29/31 MP: 3/3
   850 | D:2      | Reached skill level 5 in Axes
  1140 | D:2      | Reached XP level 4. HP: 39/39 MP: 4/4
  1175 | D:2      | Found a shimmering altar of Xom.
  1221 | D:2      | Found a faded altar of an unknown god.
  1235 | D:2      | Became a worshipper of Hepliaklqana the Forgotten
  1235 | D:2      | Reached * piety under Hepliaklqana
  1339 | D:2      | Reached skill level 6 in Axes
  1669 | D:3      | Noticed Terence
  1674 | D:3      | Killed Terence
  1674 | D:3      | Reached XP level 5. HP: 26/40 MP: 5/5
  1773 | D:3      | Noticed Grinder
  1788 | D:3      | Paralysed by Grinder for 2 turns
  1798 | D:3      | Paralysed by Grinder for 4 turns
  1800 | D:3      | Killed from afar by Grinder

Levels and vault maps discovered:
D:1:      saegor_arrival_simple_d, layout_loops_cross, st_stairs_11, hex_medium
D:2:      layout_basic, brannock_xom_greatest_gift,
          chequers_ecumenical_altar_simple_redux, first_ration,
          kennysheep_generic_room_15
D:3:      layout_basic, uniq_grinder, uniq_terence

Skill      XL: |  1  2  3  4 |
---------------+-------------+-----
Axes           | 3 4 5 6 |  6.8
Fighting       | |  3.6
Armour         | |  3.2
Shields        | |  3.2

Action                   |  1- 3 |  4- 6 || total
-------------------------+-------+-------++-------
Melee: War axe           |   110 |    72 ||   182
  Eat: Chunk             |       |     3 ||     3
Armor: Scale mail        |    63 |    26 ||    89
Dodge: Dodged            |    31 |    23 ||    54
Block: Shield            |    69 |    38 ||   107
